 Dungeon Crawl Stone Soup version 0.31-a0-200-gbc41564c69 (webtiles) character file.

Game seed: 8462477586033230319

301 qw the Skirmisher (level 6, -1/36 HPs)
             Began as a Deep Elf Hunter on June 25, 2023.
             Slain by an orc
             ... wielding a +0 mace
              (4 damage)
             ... on level 4 of the Dungeon.
             The game lasted 00:01:04 (2219 turns).

qw the Skirmisher (Deep Elf Hunter)                 Turns: 2219, Time: 00:01:04

Health: -1/36      AC:  6    Str: 10    XL:     6   Next: 14%
Magic:  8/8        EV: 11    Int: 14    God:
Gold:   137        SH:  0    Dex: 18    Spells: 5/5 levels left

rFire   . . .        Y - +0 shortbow
rCold   . . .        (shield currently unavailable)
rNeg    . . .        n - +0 ring mail
rPois   +            (no helmet)
rElec   .            (no cloak)
rCorr   .            h - +0 pair of gloves
SInv    .            (no boots)
Will    .....        (no amulet)
Stlth   +            b - ring of poison resistance
HPRegen 0.26/turn    (no ring)
MPRegen 0.11/turn

%: no passive effects
@: no status effects
A: no striking features
a: no special abilities


You were on level 4 of the Dungeon.
You visited 1 branch of the dungeon, and saw 4 of its levels.

You collected 137 gold pieces.


   Skills:
 - Level 2.6 Fighting
 + Level 9.2 Ranged Weapons
 - Level 2.4 Dodging
 - Level 1.2 Stealth


You had 5 spell levels left.
You didn't know any spells.
Your spell library was empty.

Inventory:

Hand Weapons
 Y - a +0 shortbow (weapon)
Armour
 h - a +0 pair of gloves (worn)
 n - a +0 ring mail (worn)
Jewellery
 b - a ring of poison resistance (left hand)
Scrolls
 a - a scroll of noise {unknown}
 c - a scroll of identify
Potions
 d - a potion of heal wounds {unknown}
 f - a potion of might
 g - a potion of cancellation {unknown}
 i - a potion of attraction {unknown}
 k - a potion of curing {unknown}
 l - a potion of haste

Dungeon Overview and Level Annotations

Branches:
Dungeon (4/15)
 Temple: D:4-7

Altars:


Message History

The orc priest hits you with a +0 dagger.
The orc hits you with a +0 mace.
You shoot an arrow. The arrow hits the orc priest.
The orc priest is heavily wounded.
The orc priest mumbles some strange prayers to Beogh against you.
You struggle to resist.
The orc misses you.
You shoot an arrow.
The arrow closely misses the orc priest.
The orc priest closely misses you. The orc hits you but does no damage.
You shoot an arrow. The arrow hits the orc priest!
The orc priest is almost dead.
The orc hits you with a +0 mace.
The orc priest hits you with a +0 dagger.
You shoot an arrow. The arrow hits the orc priest!
You kill the orc priest!
The orc barely misses you.
You shoot an arrow. The arrow closely misses the orc.
The orc barely misses you. The orc completely misses you.
You shoot an arrow.
The arrow hits the orc but does no damage.
The orc hits you with a +0 mace.
You shoot an arrow. The arrow hits the orc.
The orc is moderately wounded.
The orc hits you but does no damage.
You shoot an arrow. The arrow barely misses the orc.
The orc hits you with a +0 mace.
You shoot an arrow. The arrow hits the orc.
The orc is almost dead.
The orc misses you.
You shoot an arrow. The arrow completely misses the orc.
The orc hits you with a +0 mace.
You shoot an arrow.
The arrow hits the orc but does no damage.
The orc is almost dead.
The orc closely misses you.
You shoot an arrow.
The arrow hits the orc but does no damage.
The orc is almost dead.
The orc hits you with a +0 mace.
You die...

.. #. #. #. ##### #.
########.... # #.
#......'....
#..#.######.######....
#...)@)...#.######'###
#..#o####.#...........
# #. #.#...........
...#.####.#...........
#.[.......#...........
#..#.##.###...........
#.....................
+.....................
#....#...........#####


You could see an orc.

Vanquished Creatures
  A phantom (D:4)
  A hound (D:4)
  An orc priest (D:4)
  3 gnolls (D:2)
  6 adders
  A worm (D:2)
  5 orcs
  6 endoplasms
  5 giant cockroaches
  10 goblins
  8 hobgoblins
  4 jackals (D:3)
  10 kobolds
  4 ball pythons
  5 bats
  2 frilled lizards
  6 rats
78 creatures vanquished.

Notes
Turn   | Place    | Note
-------+----------+-------------------------------------------
     0 | D:1      | qw the Deep Elf Hunter began the quest for the Orb.
     0 | D:1      | Reached XP level 1. HP: 12/12 MP: 3/3
     0 | D:1      | 0 ||| qw: Version: 0.3-a-22-g0ed2b0b
     0 | D:1      | 0 ||| qw: Game counter: 5682
     0 | D:1      | 0 ||| qw: Melee chars always use a shield: true
     0 | D:1      | 0 ||| qw: God list: Okawaru
     0 | D:1      | 0 ||| qw: Allow faded altars: false
     0 | D:1      | 0 ||| qw: Do Orc after clearing Dungeon:15 true
     0 | D:1      | 0 ||| qw: Do second Lair branch before Depths: true
     0 | D:1      | 0 ||| qw: Lair rune preference: random
     0 | D:1      | 0 ||| qw: Goals: Normal
     0 | D:1      | 0 ||| PLANNING D:1-11
   117 | D:1      | Reached XP level 2. HP: 16/16 MP: 4/4
   214 | D:1      | Reached skill level 6 in Ranged Weapons
   629 | D:1      | 629 ||| DRINKING 3 dark potions.
   664 | D:1      | 664 ||| DRINKING 2 pink potions.
   665 | D:1      | 665 ||| DROPPING scroll of butterflies.
   666 | D:1      | 666 ||| DROPPING 2 potions of lignification.
   667 | D:1      | 667 ||| DROPPING potion of degeneration.
   700 | D:2      | Reached XP level 3. HP: 20/20 MP: 5/5
   760 | D:2      | Reached skill level 7 in Ranged Weapons
   847 | D:2      | Reached XP level 4. HP: 25/25 MP: 6/6
   951 | D:2      | Reached skill level 8 in Ranged Weapons
  1305 | D:2      | 1305 ||| UPGRADING to +0 pair of gloves.
  1310 | D:2      | 1310 ||| UPGRADING to ring of poison resistance.
  1311 | D:2      | 1311 ||| READING scroll labelled NEPSOMIMNEY.
  1357 | D:2      | 1357 ||| READING scroll labelled RYR QIECOFECEO.
  1358 | D:2      | 1358 ||| DRINKING 2 ruby potions.
  1359 | D:2      | 1359 ||| DRINKING 2 murky white potions.
  1599 | D:3      | Reached XP level 5. HP: 29/29 MP: 7/7
  2056 | D:3      | 2056 ||| UPGRADING to +0 scale mail.
  2066 | D:3      | 2066 ||| DROPPING +0 leather armour.
  2067 | D:3      | 2067 ||| DROPPING scarf of shadows.
  2068 | D:3      | 2068 ||| UPGRADING to +0 ring mail.
  2078 | D:3      | 2078 ||| DROPPING +0 scale mail.
  2079 | D:3      | 2079 ||| READING scroll labelled WUMIMUFOXOBRI.
  2080 | D:3      | 2080 ||| READING scroll labelled QOUMEL DINAH.
  2081 | D:3      | 2081 ||| READING scroll labelled WINUGI VYTZ.
  2120 | D:4      | 2120 ||| STAIRDANCE
  2148 | D:4      | Reached skill level 9 in Ranged Weapons
  2196 | D:4      | Noticed a phantom
  2206 | D:4      | Killed a phantom
  2207 | D:4      | Reached XP level 6. HP: 26/36 MP: 8/8
  2215 | D:4      | HP: 7/36 [orc/+0 mace (6)]
  2217 | D:4      | HP: 3/36 [orc/+0 mace (5)]
  2219 | D:4      | Slain by an orc

Levels and vault maps discovered:
D:1:      ebering_trefoil_twist, layout_basic
D:2:      layout_rooms
D:3:      kennysheep_the_goblin_king, layout_basic,
          hangedman_decor_clover_reticule
D:4:      layout_basic, bloody_makhleb, mainiacjoe_overflow_small_starburst,
          mainiacjoe_overflow_24_doors, serial_shops,
          nicolae_shop_window_shopping, roderic_lattice_a

Skill      XL: |  1  2  3  4  5 |
---------------+----------------+-----
Ranged Weapons | 6 7 8 9 |  9.2
Fighting       | 2 |  2.6
Dodging        | |  2.4
Stealth        | |  1.2

Action                     |  1- 3 |  4- 6 || total
---------------------------+-------+-------++-------
   Fire: Shortbow          |    84 |   164 ||   248
    Use: Potion            |     2 |     2 ||     4
         Scroll            |       |     5 ||     5
 Armour: Leather armour    |     2 |    18 ||    20
         Ring mail         |       |    16 ||    16
  Dodge: Dodged            |     9 |    63 ||    72

Table legend:
 A = Non-vault XP
 B = Vault XP
 C = Vault XP percentage of total XP
 D = Non-vault monster count
 E = Vault monster count
 F = Vault count percentage of total count
                 A         B        C        D         E       F
            +---------+---------+-------+---------+---------+-------
      Total |     416 |      14 |   3.3 |      71 |       7 |   9.0
            +---------+---------+-------+---------+---------+-------
        D:1 |      38 |       0 |   0.0 |      22 |       0 |   0.0
        D:2 |     118 |       0 |   0.0 |      26 |       0 |   0.0
        D:3 |      70 |      14 |  16.7 |      19 |       7 |  26.9
        D:4 |     190 |       0 |   0.0 |       4 |       0 |   0.0
            +---------+---------+-------+---------+---------+-------
